 Dungeon Crawl Stone Soup version 0.31.0-2-g5a2aebc5c2 (webtiles) character file.

Game seed: 907242462709014487

35 Arctor the Vexing (level 3, -2/20 HPs)
             Began as a Kobold Hexslinger on Jan 20, 2024.
             Frozen to death by an endoplasm (5 damage)
             ... on level 2 of the Dungeon.
             The game lasted 00:00:52 (2025 turns).

Arctor the Vexing (Kobold Hexslinger)               Turns: 2025, Time: 00:00:53

Health: -2/20      AC:  2    Str:  5    XL:     3   Next: 55%
Magic:  3/5        EV: 15    Int: 14    God:
Gold:   45         SH:  0    Dex: 19    Spells: 1/5 levels left

rFire   . . .        a - +1 sling
rCold   . . .        (no shield)
rNeg    . . .        c - +0 robe
rPois   .            (no helmet)
rElec   .            (no cloak)
rCorr   .            (no gloves)
SInv    .            (no boots)
Will    .....        (no amulet)
Stlth   +++          (no ring)
HPRegen 0.23/turn    (no ring)
MPRegen 0.09/turn

%: no passive effects
@: weak-willed, jinxed
A: small, no large weapons, nightstalker 3
a: no special abilities


You were on level 2 of the Dungeon.
You visited 1 branch of the dungeon, and saw 3 of its levels.

You collected 45 gold pieces.

Inventory:

Hand Weapons
 a - a +1 sling (weapon)
Armour
 c - a +0 robe (worn)
Jewellery
 f - a ring of fire
 p - a +6 ring of strength
 r - a ring of protection from cold
Wands
 q - a wand of flame (8)
Scrolls
 b - a scroll of poison
 e - 2 scrolls of teleportation {unknown}
 k - a scroll of identify {unknown}
 m - 3 scrolls of immolation {unknown}
 o - a scroll of amnesia {unknown}
Potions
 d - 2 potions of curing {unknown}
 g - a potion of enlightenment {unknown}
 h - a potion of attraction {unknown}
 i - a potion of lignification {unknown}
 j - a potion of magic {unknown}
 l - a potion of heal wounds {unknown}
 n - a potion of cancellation {unknown}


   Skills:
 + Level 1.5 Fighting
 + Level 3.2 Ranged Weapons
 + Level 2.8 Dodging
 + Level 1.5 Spellcasting
 + Level 3.2 Hexes
 + Level 1.5 Fire Magic


You had one spell level left.
You knew the following spells:

 Your Spells              Type           Power      Damage    Failure   Level
a - Jinxbite              Hex            20%        N/A       10%         2
b - Blink                 Tloc           2%         N/A       36%         2

Your spell library contained the following spells:

 Spells                   Type           Power      Damage    Failure   Level
 Magic Dart               Conj           4%         1d3       26%         1
 Sigil of Binding         Hex            10%        N/A       21%         3
 Inner Flame              Hex/Fire       7%         N/A       28%         3
 Call Imp                 Summ           2%         N/A       36%         2
 Cause Fear               Hex            5%         N/A       54%         4
 Dimensional Bullseye     Hex/Tloc       2%         N/A       77%         4


Dungeon Overview and Level Annotations

Branches:
Dungeon (3/15)

Altars:
Gozag


Innate Abilities, Weirdness & Mutations

You are small and have problems with some larger weapons.
You are completely attuned to the shadows.


Message History

The sling bullet hits the orc priest but does no damage.
The orc priest shouts!
You hear a shout!
An endoplasm comes into view.
An orc comes into view. It is wielding a +0 mace.
The endoplasm quivers.
There are monsters nearby!
You shoot a sling bullet. The sling bullet hits the orc priest.
The orc priest is moderately wounded.
You shoot a sling bullet. The sling bullet hits the orc priest.
The orc priest is heavily wounded.
You hear a shout!
The orc priest mumbles some strange prayers to Beogh against you.
Beogh smites you!
Ouch! That really hurt!
An orc comes into view. It is wielding a +0 whip of distortion.
You hear a shout!
The endoplasm attacks as it pursues you!
The endoplasm completely misses you. The orc priest hits you with a +0 club.
* * * LOW HITPOINT WARNING * * *
The endoplasm attacks as it pursues you!
The endoplasm closely misses you.
The endoplasm attacks as it pursues you!
The endoplasm hits you.
* * * LOW HITPOINT WARNING * * *
The endoplasm attacks as it pursues you!
The endoplasm closely misses you.
The endoplasm attacks as it pursues you!
The endoplasm hits you.
* * * LOW HITPOINT WARNING * * *
There is a stone staircase leading up here.
The endoplasm barely misses you.
You climb upwards.
There is a stone staircase leading down here.
Casting: Jinxbite (safe; 10% risk of failure)
Confirm with . or Enter, or press ? or * to list all spells.
You beckon some vexing sprites to accompany your attacks.
You feel your willpower being sapped. The endoplasm freezes you.
You are frozen.
You die...

#.####......#..#.#.#.#.######.#
#.#####.....#..#...#.#......#.#
#...##.........#.###.######.#.#
###.##.#..#....#.###.######.#.#
####.##....#..#.#.##.......#.#[#
#....#####.#..#.#.##....##.#.#.#
#.#######.....#.#.##....##.#.#.#
#.#........#......##....##.#.#.#
#..........#..#@................
###.##.........J###.######...#.#
#.##.###....#...#..### #####.#
#.##.# #....###.##...# #..
#.##.# #.........###.# ###
#..#.####.##########.#########
##.#....#.#.................#.
#.####.#.#.##########........
#.#........................#.


You could see an endoplasm.

Vanquished Creatures
  5 ball pythons
  4 bats
  3 endoplasms
  2 giant cockroaches
  9 goblins
  2 hobgoblins
  A quokka (D:1)
  2 frilled lizards (D:1)
  A kobold (D:1)
  2 rats (D:2)
31 creatures vanquished.

Notes
Turn   | Place    | Note
-------+----------+-------------------------------------------
     0 | D:1      | Arctor the Kobold Hexslinger began the quest for the Orb.
     0 | D:1      | Reached XP level 1. HP: 12/12 MP: 2/2
   440 | D:1      | Reached XP level 2. HP: 16/16 MP: 3/3
   739 | D:1      | Reached XP level 3. HP: 20/20 MP: 5/5
  1083 | D:2      | Learned a level 2 spell: Jinxbite
  1112 | D:2      | Learned a level 2 spell: Blink
  1968 | D:3      | Found an opulent altar of Gozag.
  2016 | D:3      | HP: 1/20 [endoplasm (2)]
  2025 | D:2      | Frozen to death by an endoplasm

Illustrated notes

Levels and vault maps discovered:
D:1:      minmay_arrival_four_houses, layout_loops_corners
D:2:      layout_basic
D:3:      gammafunk_steamed_eel, layout_rooms, nicolae_gozag_seed_capital,
          saegor_snake_ambush

Skill      XL: |  1  2 |
---------------+-------+-----
Ranged Weapons | 3 |  3.2
Fighting       | |  1.5
Dodging        | |  2.8
Spellcasting   | |  1.5
Hexes          | |  3.2
Fire Magic     | |  1.5

Action                     || total
---------------------------++-------
   Fire: Sling             ||    83
   Cast: Jinxbite          ||     2
 Armour: Robe              ||    28
  Dodge: Dodged            ||    57
